Icehogs vs Staline
Created - 26 mars 2013 at 22:31
Goals
|
| Icehogs |
1 |
1 |
3 |
5 |
| Staline |
1 |
1 |
0 |
2 |
|
Shots
|
| Icehogs |
7 |
11 |
20 |
38 |
| Staline |
12 |
10 |
7 |
29 |
|
1st period
1. Staline , Robert Dome 26 (Alexandre Daigle, Chris Dingman) at 11:40
2. Icehogs , Stanislav Chistov 17 (Ville Nieminen, Paul Ranger) at 12:18
Penalties :
Nathan Smith (StJ) for High sticking (Minor) at 2:49, Vladimir Mihalik (Roc) for Roughing (Minor) at 12:34, Eric Hunter (StJ) for Holding (Minor) at 18:27, Milan Jurcina (Roc) for Interference (Minor) at 18:27
2nd period
3. Staline , Yan Stastny 17 (Alexandre Daigle, Greg Zanon) at 0:55
4. Icehogs , Stanislav Chistov 18 (Paul Ranger, Andrew Murray) at 8:39
Penalties :
Vladimir Mihalik (Roc) for Roughing (Minor) at 2:33, Nathan Smith (StJ) for Hooking (Minor) at 3:36, Chris Dingman (StJ) for High sticking (Minor) at 10:21, Gilbert Brule (Roc) for Elbowing (Minor) at 13:15
3rd period
5. Icehogs , Josh Hennessy 9 (Milan Jurcina, Travis Moen) at 12:03
6. Icehogs , Ville Nieminen 14 (Stanislav Chistov) at 14:04
7. Icehogs , Jason King 7 (Vladimir Mihalik, Brett Sterling) at 15:21
Penalties :
Devin Setoguchi (StJ) for Interference (Minor) at 2:08, Travis Moen (Roc) for Diving (Minor) at 4:21, Eric Hunter (StJ) for Roughing (Minor) at 8:55, Ryan Parent (Roc) for Holding (Minor) at 15:57
Goalie Stats
José Theodore (Roc), 27 saves from 29 shots - (0,931), W, 24-14-3, 60:00 minutes
Erik Ersberg (StJ), 33 saves from 38 shots - (0,868), L, 28-13-2, 60:00 minutes
Players Stats for Icehogs
Player Name G A P +/- PIM S H SB GA TA FO MP PP MP PK MP
------------------------------------------------------------------------------------
Andrew Murray 0 1 1 2 0 2 1 0 0 0 6/11 16:14 4:28 0:52
B.J. Crombeen 0 0 0 0 0 5 2 0 1 0 11/14 22:38 4:12 4:53
Brett Sterling 0 1 1 -1 0 2 1 0 0 0 1/1 10:46 0:00 1:09
Darren Helm 0 0 0 -1 0 3 1 0 0 0 4/9 10:53 0:41 0:00
Gilbert Brule 0 0 0 0 2 3 2 0 0 0 13/27 19:34 4:22 1:50
Jason King 1 0 1 2 0 2 0 0 0 0 0/0 6:38 0:09 0:00
Josh Hennessy 1 0 1 2 0 2 0 0 0 0 2/4 8:04 0:00 2:05
Karl Alzner 0 0 0 0 0 0 0 0 0 2 0/0 15:28 0:00 2:57
Logan Stephenson 0 0 0 0 0 0 0 2 0 1 0/0 13:01 0:00 0:00
Milan Jurcina 0 1 1 0 2 1 2 0 0 0 0/0 17:21 3:16 3:33
Nikolai Kulemin 0 0 0 0 0 1 0 0 1 1 0/0 20:33 4:15 2:31
Paul Ranger 0 2 2 3 0 2 1 1 2 2 0/0 29:48 5:43 5:26
Ryan Parent 0 0 0 0 2 2 1 0 0 1 0/0 24:01 5:43 4:03
Ryan Shannon 0 0 0 -1 0 2 0 0 1 1 1/1 9:37 0:00 0:00
Stanislav Chistov 2 1 3 2 0 3 2 0 2 0 0/0 14:56 4:28 0:00
Travis Moen 0 1 1 2 2 1 0 0 0 0 0/0 6:02 0:00 0:00
Ville Nieminen 1 1 2 2 0 6 1 2 1 1 0/0 21:05 4:18 4:38
Vladimir Mihalik 0 1 1 3 4 1 1 4 1 1 0/0 21:21 3:20 1:59
Players Stats for Staline
Player Name G A P +/- PIM S H SB GA TA FO MP PP MP PK MP
------------------------------------------------------------------------------------
Alexandre Daigle 0 2 2 1 0 3 0 2 0 1 0/2 18:53 3:53 4:29
Brandon Prust 0 0 0 -3 0 0 0 0 0 1 1/2 8:23 0:00 2:00
Cam Janssen 0 0 0 -1 0 1 1 0 1 0 0/1 9:08 0:00 0:00
Chris Dingman 0 1 1 0 2 7 1 1 1 1 4/9 22:33 5:06 3:10
Devin Setoguchi 0 0 0 0 2 2 1 0 1 0 1/2 19:32 5:06 0:01
Eric Hunter 0 0 0 0 4 1 0 0 0 1 2/8 10:28 0:00 0:00
Greg Zanon 0 1 1 -1 0 0 2 3 1 3 0/0 29:19 5:35 4:19
J.T. Wyman 0 0 0 -3 0 0 0 0 0 0 0/0 6:05 0:00 0:00
Josh Green 0 0 0 -1 0 2 1 0 1 0 1/1 10:55 0:00 1:19
Matt Carle 0 0 0 -1 0 3 1 2 0 1 0/0 29:19 5:35 4:19
Matt Generous 0 0 0 1 0 0 0 1 0 0 0/0 8:32 0:00 0:00
Maxime Fortunus 0 0 0 -3 0 0 0 1 0 1 0/0 22:09 3:24 4:40
Mike Sauer 0 0 0 1 0 0 0 2 0 0 0/0 8:32 0:00 0:00
Nathan Smith 0 0 0 0 4 1 1 0 0 0 3/7 14:27 3:52 0:44
Robby Dee 0 0 0 -3 0 0 0 0 0 0 2/4 6:44 0:00 0:39
Robert Dome 1 0 1 0 0 5 1 0 0 0 0/0 17:36 3:53 2:48
T.J. Fast 0 0 0 -3 0 1 1 1 1 0 0/0 22:09 3:24 4:40
Yan Stastny 1 0 1 1 0 3 1 0 4 0 15/31 23:16 5:06 2:48
3 Stars
1 - Stanislav Chistov (Roc)
2 - Ville Nieminen (Roc)
3 - Paul Ranger (Roc)
Power Play
Icehogs - 0 on 5 Attempt(s) - 0,00%
Staline - 0 on 5 Attempt(s) - 0,00%
Penalty Kill
Icehogs - 5 on 5 Attempt(s) - 100,00%
- Score 0 goal in Penalty Kill
Staline - 5 on 5 Attempt(s) - 100,00%
- Score 0 goal in Penalty Kill
Official
Referees : Walsh Ian and Charron Francis
Linesman : David Brisebois and Mark Pare
Game Notes
No Game Note
Icehogs
5 vs 5 Forward
Center Left Wing Right Wing Time % Phy DF OF
1 Gilbert Brule Nikolai Kulemin B.J. Crombeen 40 1 2 2
2 Andrew Murray Ville Nieminen Stanislav Chistov 30 1 2 2
3 Darren Helm Brett Sterling Ryan Shannon 20 1 2 2
4 Josh Hennessy Travis Moen Jason King 10 1 2 2
5 vs 5 Defense
Defense Defense Time % Phy DF OF
1 Paul Ranger Vladimir Mihalik 40 1 2 2
2 Karl Alzner Ryan Parent 30 1 2 2
3 Logan Stephenson Milan Jurcina 20 1 2 2
4 Paul Ranger Ryan Parent 10 1 2 2
PowerPlay Forward
Center Left Wing Right Wing Time % Phy DF OF
1 Gilbert Brule Ville Nieminen B.J. Crombeen 60 1 2 2
2 Andrew Murray Nikolai Kulemin Stanislav Chistov 40 1 2 2
PowerPlay Defense
Defense Defense Time % Phy DF OF
1 Paul Ranger Ryan Parent 60 1 2 2
2 Vladimir Mihalik Milan Jurcina 40 1 2 2
Penalty Kill 4 Players Forward
Center Wing Time % Phy DF OF
1 B.J. Crombeen Ville Nieminen 60 1 2 2
2 Nikolai Kulemin Gilbert Brule 40 1 2 2
Penalty Kill 4 Players Defense
Defense Defense Time % Phy DF OF
1 Paul Ranger Ryan Parent 60 1 2 2
2 Vladimir Mihalik Milan Jurcina 40 1 2 2
Penalty Kill - 3 Players Forward
Forward Time % Phy DF OF
1 B.J. Crombeen 60 1 2 2
2 Ville Nieminen 40 1 2 2
Penalty Kill - 3 Players Defense
Defense Defense Time % Phy DF OF
1 Paul Ranger Ryan Parent 60 1 2 2
2 Vladimir Mihalik Milan Jurcina 40 1 2 2
4 vs 4 Forward
Center Wing Time % Phy DF OF
1 B.J. Crombeen Ville Nieminen 60 1 2 2
2 Nikolai Kulemin Gilbert Brule 40 1 2 2
4 vs 4 Defense
Defense Defense Time % Phy DF OF
1 Paul Ranger Ryan Parent 60 1 2 2
2 Vladimir Mihalik Milan Jurcina 40 1 2 2
Last Minutes Offensive
Center Left Wing Right Wing Defense Defense
Gilbert Brule Ville Nieminen B.J. Crombeen Paul Ranger Ryan Parent
Last Minutes Defensive
Center Left Wing Right Wing Defense Defense
Gilbert Brule Ville Nieminen B.J. Crombeen Paul Ranger Ryan Parent
Goaltenders
Starting : José Theodore
Backup : Jeff Deslauriers
Extra Forwards
Normal : Darren Helm, Jason King, Josh Hennessy - PP : Darren Helm, Jason King - PK : Josh Hennessy
Extra Defensemen
Normal : Logan Stephenson, Karl Alzner, Vladimir Mihalik - PP : Logan Stephenson - PK : Karl Alzner, Vladimir Mihalik
Penalty Shots
B.J. Crombeen, Ville Nieminen, Nikolai Kulemin, Gilbert Brule, Stanislav Chistov
Staline
5 vs 5 Forward
Center Left Wing Right Wing Time % Phy DF OF
1 Yan Stastny Chris Dingman Devin Setoguchi 40 1 2 2
2 Nathan Smith Robert Dome Alexandre Daigle 30 1 2 2
3 Eric Hunter Josh Green Cam Janssen 20 1 2 2
4 Robby Dee Brandon Prust J.T. Wyman 10 1 2 2
5 vs 5 Defense
Defense Defense Time % Phy DF OF
1 Greg Zanon Matt Carle 40 1 2 2
2 Maxime Fortunus T.J. Fast 30 1 2 2
3 Mike Sauer Matt Generous 20 1 2 2
4 Greg Zanon Matt Carle 10 1 2 2
PowerPlay Forward
Center Left Wing Right Wing Time % Phy DF OF
1 Yan Stastny Chris Dingman Devin Setoguchi 60 1 2 2
2 Nathan Smith Robert Dome Alexandre Daigle 40 1 2 2
PowerPlay Defense
Defense Defense Time % Phy DF OF
1 Greg Zanon Matt Carle 60 1 2 2
2 Maxime Fortunus T.J. Fast 40 1 2 2
Penalty Kill 4 Players Forward
Center Wing Time % Phy DF OF
1 Chris Dingman Alexandre Daigle 60 1 2 2
2 Yan Stastny Robert Dome 40 1 2 2
Penalty Kill 4 Players Defense
Defense Defense Time % Phy DF OF
1 Greg Zanon Matt Carle 60 1 2 2
2 Maxime Fortunus T.J. Fast 40 1 2 2
Penalty Kill - 3 Players Forward
Forward Time % Phy DF OF
1 Chris Dingman 60 1 2 2
2 Alexandre Daigle 40 1 2 2
Penalty Kill - 3 Players Defense
Defense Defense Time % Phy DF OF
1 Greg Zanon Matt Carle 60 1 2 2
2 Maxime Fortunus T.J. Fast 40 1 2 2
4 vs 4 Forward
Center Wing Time % Phy DF OF
1 Chris Dingman Devin Setoguchi 60 1 2 2
2 Yan Stastny Alexandre Daigle 40 1 2 2
4 vs 4 Defense
Defense Defense Time % Phy DF OF
1 Greg Zanon Matt Carle 60 1 2 2
2 Maxime Fortunus T.J. Fast 40 1 2 2
Last Minutes Offensive
Center Left Wing Right Wing Defense Defense
Yan Stastny Chris Dingman Devin Setoguchi Greg Zanon Matt Carle
Last Minutes Defensive
Center Left Wing Right Wing Defense Defense
Yan Stastny Chris Dingman Devin Setoguchi Greg Zanon Matt Carle
Goaltenders
Starting : Erik Ersberg
Backup : Tobias Stephan
Extra Forwards
Normal : Josh Green, Devin Setoguchi, Brandon Prust - PP : Josh Green, Devin Setoguchi - PK : Brandon Prust
Extra Defensemen
Normal : Maxime Fortunus, Matt Generous, Matt Carle - PP : Maxime Fortunus - PK : Matt Generous, Matt Carle
Penalty Shots
Chris Dingman, Alexandre Daigle, Yan Stastny, Robert Dome, Josh Green
% Time on Ice - Icehogs
Lines # - Real PCT - Wanted PCT - Time Play
Normal Forward
1 - 32% - 40% - 12:25
2 - 28% - 30% - 11:06
3 - 25% - 20% - 9:37
4 - 15% - 10% - 5:59
Normal Defense
1 - 40% - 40% - 15:38
2 - 30% - 30% - 11:51
3 - 27% - 20% - 10:37
4 - 3% - 10% - 1:01
PP Forward
1 - 50% - 60% - 4:27
2 - 50% - 40% - 4:32
PP Defense
1 - 64% - 60% - 5:43
2 - 36% - 40% - 3:16
PK Forward
1 - 72% - 60% - 6:28
2 - 28% - 40% - 2:31
PK Defense
1 - 60% - 60% - 5:26
2 - 40% - 40% - 3:33
PK3 Forward
1 - 0% - 60%
2 - 0% - 40%
PK3 Defense
1 - 0% - 60%
2 - 0% - 40%
44 Forward
1 - 73% - 60% - 2:07
2 - 27% - 40% - 0:48
44 Defense
1 - 69% - 60% - 2:00
2 - 31% - 40% - 0:55
Last Minute Offensive - 0:00
Last Minute Defensive - 0:00
Total
Forward - 60:00
Defense - 60:00
|
% Time on Ice - Staline
Lines # - Real PCT - Wanted PCT - Time Play
Normal Forward
1 - 32% - 40% - 12:30
2 - 29% - 30% - 11:24
3 - 23% - 20% - 9:08
4 - 16% - 10% - 6:05
Normal Defense
1 - 44% - 40% - 17:13
2 - 33% - 30% - 13:06
3 - 22% - 20% - 8:32
4 - 1% - 10% - 0:16
PP Forward
1 - 57% - 60% - 5:06
2 - 43% - 40% - 3:53
PP Defense
1 - 62% - 60% - 5:35
2 - 38% - 40% - 3:24
PK Forward
1 - 69% - 60% - 6:11
2 - 31% - 40% - 2:48
PK Defense
1 - 48% - 60% - 4:19
2 - 52% - 40% - 4:40
PK3 Forward
1 - 0% - 60%
2 - 0% - 40%
PK3 Defense
1 - 0% - 60%
2 - 0% - 40%
44 Forward
1 - 74% - 60% - 2:10
2 - 26% - 40% - 0:45
44 Defense
1 - 66% - 60% - 1:56
2 - 34% - 40% - 0:59
Last Minute Offensive - 0:00
Last Minute Defensive - 0:00
Total
Forward - 60:00
Defense - 60:00
|
Play by Play
1st period
0:01 of 1st period - Yan Stastny wins face-off versus Gilbert Brule in neutral zone.
0:27 of 1st period - Wrist shot by Robert Dome.
0:27 of 1st period - Stopped by José Theodore without a rebound.
0:28 of 1st period - Andrew Murray wins face-off versus Nathan Smith in Icehogs zone.
0:37 of 1st period - Snap shot by Ville Nieminen.
0:37 of 1st period - Stopped by Erik Ersberg without a rebound.
0:38 of 1st period - Darren Helm wins face-off versus Eric Hunter in Staline zone.
0:39 of 1st period - Backhand shot by Ryan Shannon.
0:39 of 1st period - Shot Misses the Net.
1:45 of 1st period - Wrist shot by Robert Dome.
1:45 of 1st period - Shot Hit the Post.
1:47 of 1st period - Slapshot by Robert Dome.
1:47 of 1st period - Stopped by José Theodore with a rebound.
2:07 of 1st period - Wrist shot by Darren Helm.
2:07 of 1st period - Stopped by Erik Ersberg with a rebound.
2:09 of 1st period - Snap shot by Brett Sterling.
2:09 of 1st period - Shot Misses the Net.
2:11 of 1st period - Snap shot by Logan Stephenson.
2:11 of 1st period - Deflect By Darren Helm.
2:11 of 1st period - Shot Misses the Net.
2:11 of 1st period - Puck is out of play.
2:12 of 1st period - Yan Stastny wins face-off versus Darren Helm in Staline zone.
2:25 of 1st period - Wrist shot by Chris Dingman.
2:25 of 1st period - Stopped by José Theodore with a rebound.
2:49 of 1st period - Minor Penalty to Nathan Smith for High sticking.
2:50 of 1st period - Gilbert Brule wins face-off versus Chris Dingman in Staline zone.
2:53 of 1st period - Wrist shot by Gilbert Brule.
2:53 of 1st period - Shot Misses the Net.
2:55 of 1st period - Snap shot by B.J. Crombeen.
2:55 of 1st period - Shot Blocked by Chris Dingman.
2:57 of 1st period - Snap shot by Gilbert Brule.
2:57 of 1st period - Stopped by Erik Ersberg with a rebound.
3:03 of 1st period - Snap shot by Gilbert Brule.
3:03 of 1st period - Shot Misses the Net.
3:57 of 1st period - Robert Dome is hit by B.J. Crombeen and loses puck.
4:49 of 1st period - Penalty to Nathan Smith is over, Nathan Smith is back on ice.
4:54 of 1st period - Snap shot by Darren Helm.
4:54 of 1st period - Shot Blocked by Greg Zanon.
4:56 of 1st period - Slapshot by Milan Jurcina.
4:56 of 1st period - Shot Misses the Net.
5:02 of 1st period - Backhand shot by Josh Hennessy.
5:02 of 1st period - Stopped by Erik Ersberg without a rebound.
5:03 of 1st period - Darren Helm wins face-off versus Eric Hunter in Staline zone.
5:47 of 1st period - Icing by Logan Stephenson.
5:48 of 1st period - Yan Stastny wins face-off versus Josh Hennessy in Icehogs zone.
5:51 of 1st period - Wrist shot by Chris Dingman.
5:51 of 1st period - Stopped by José Theodore with a rebound.
5:53 of 1st period - Snap shot by Devin Setoguchi.
5:53 of 1st period - Stopped by José Theodore with a rebound.
5:55 of 1st period - Snap shot by Yan Stastny.
5:55 of 1st period - Shot Misses the Net.
6:13 of 1st period - Snap shot by Gilbert Brule.
6:13 of 1st period - Shot Misses the Net.
6:15 of 1st period - Backhand shot by Gilbert Brule.
6:15 of 1st period - Shot Misses the Net.
6:19 of 1st period - Wrist shot by B.J. Crombeen.
6:19 of 1st period - Shot Blocked by Alexandre Daigle.
6:21 of 1st period - Snap shot by Gilbert Brule.
6:21 of 1st period - Shot Blocked by Alexandre Daigle.
6:34 of 1st period - Off-side.
6:35 of 1st period - Eric Hunter wins face-off versus Andrew Murray in neutral zone.
6:43 of 1st period - Icing by Ville Nieminen.
6:44 of 1st period - Yan Stastny wins face-off versus Andrew Murray in Icehogs zone.
8:45 of 1st period - Off-side.
8:46 of 1st period - Yan Stastny wins face-off versus Andrew Murray in neutral zone.
9:38 of 1st period - Slapshot by Maxime Fortunus.
9:38 of 1st period - Deflect By Cam Janssen.
9:38 of 1st period - Stopped by José Theodore without a rebound.
9:39 of 1st period - Yan Stastny wins face-off versus Gilbert Brule in Icehogs zone.
9:40 of 1st period - Wrist shot by Chris Dingman.
9:40 of 1st period - Deflect By Nikolai Kulemin.
9:40 of 1st period - Shot Misses the Net.
9:40 of 1st period - Puck is out of play.
9:41 of 1st period - Yan Stastny wins face-off versus Gilbert Brule in Icehogs zone.
9:42 of 1st period - Snap shot by Chris Dingman.
9:42 of 1st period - Shot Misses the Net.
9:44 of 1st period - Slapshot by T.J. Fast.
9:44 of 1st period - Deflect By Yan Stastny.
9:44 of 1st period - Shot Misses the Net.
9:44 of 1st period - Puck is out of play.
9:45 of 1st period - Gilbert Brule wins face-off versus Yan Stastny in Icehogs zone.
10:00 of 1st period - Wrist shot by Gilbert Brule.
10:00 of 1st period - Shot Misses the Net.
10:11 of 1st period - Off-side.
10:12 of 1st period - Andrew Murray wins face-off versus Nathan Smith in neutral zone.
10:15 of 1st period - Wrist shot by Stanislav Chistov.
10:15 of 1st period - Shot Misses the Net.
10:44 of 1st period - Wrist shot by Gilbert Brule.
10:44 of 1st period - Stopped by Erik Ersberg with a rebound.
11:16 of 1st period - Snap shot by Travis Moen.
11:16 of 1st period - Shot Hit the Post.
11:40 of 1st period - Snap shot by Robert Dome.
11:40 of 1st period - Goal by Robert Dome - Icehogs : 0 - Staline : 1.
11:41 of 1st period - Yan Stastny wins face-off versus Gilbert Brule in neutral zone.
11:44 of 1st period - Slapshot by Chris Dingman.
11:44 of 1st period - Stopped by José Theodore without a rebound.
11:45 of 1st period - Gilbert Brule wins face-off versus Yan Stastny in Icehogs zone.
11:50 of 1st period - Snap shot by B.J. Crombeen.
11:50 of 1st period - Shot Blocked by Matt Carle.
12:18 of 1st period - Snap shot by Stanislav Chistov.
12:18 of 1st period - Goal by Stanislav Chistov - Icehogs : 1 - Staline : 1.
12:19 of 1st period - Gilbert Brule wins face-off versus Yan Stastny in neutral zone.
12:28 of 1st period - B.J. Crombeen is hit by Devin Setoguchi and loses puck.
12:34 of 1st period - Minor Penalty to Vladimir Mihalik for Roughing.
12:35 of 1st period - B.J. Crombeen wins face-off versus Devin Setoguchi in Icehogs zone.
14:19 of 1st period - Yan Stastny is hit by Milan Jurcina and loses puck.
14:34 of 1st period - Penalty to Vladimir Mihalik is over, Vladimir Mihalik is back on ice.
14:44 of 1st period - Snap shot by Gilbert Brule.
14:44 of 1st period - Shot Misses the Net.
15:07 of 1st period - Slapshot by Maxime Fortunus.
15:07 of 1st period - Deflect By Brandon Prust.
15:07 of 1st period - Shot Misses the Net.
15:07 of 1st period - Puck is out of play.
15:08 of 1st period - Eric Hunter wins face-off versus Darren Helm in Icehogs zone.
15:21 of 1st period - Snap shot by Darren Helm.
15:21 of 1st period - Shot Misses the Net.
16:03 of 1st period - Slapshot by Devin Setoguchi.
16:03 of 1st period - Stopped by José Theodore with a rebound.
16:35 of 1st period - Snap shot by Robert Dome.
16:35 of 1st period - Stopped by José Theodore with a rebound.
16:37 of 1st period - Snap shot by Robert Dome.
16:37 of 1st period - Shot Blocked by Vladimir Mihalik.
16:39 of 1st period - Snap shot by Nathan Smith.
16:39 of 1st period - Stopped by José Theodore without a rebound.
16:40 of 1st period - Nathan Smith wins face-off versus Gilbert Brule in Icehogs zone.
16:41 of 1st period - Slapshot by Alexandre Daigle.
16:41 of 1st period - Deflect By Gilbert Brule.
16:41 of 1st period - Stopped by José Theodore without a rebound.
16:42 of 1st period - Chris Dingman wins face-off versus Gilbert Brule in Icehogs zone.
16:43 of 1st period - Snap shot by Yan Stastny.
16:43 of 1st period - Deflect By B.J. Crombeen.
16:43 of 1st period - Shot Misses the Net.
16:43 of 1st period - Puck is out of play.
16:44 of 1st period - Gilbert Brule wins face-off versus Yan Stastny in Icehogs zone.
16:44 of 1st period - Gilbert Brule is hit by Matt Carle.
16:50 of 1st period - Snap shot by Gilbert Brule.
16:50 of 1st period - Shot Misses the Net.
17:10 of 1st period - Wrist shot by B.J. Crombeen.
17:10 of 1st period - Deflect By Ville Nieminen.
17:10 of 1st period - Stopped by Erik Ersberg without a rebound.
17:11 of 1st period - Andrew Murray wins face-off versus Alexandre Daigle in Staline zone.
17:41 of 1st period - Matt Carle is hit by Gilbert Brule.
18:22 of 1st period - Slapshot by Josh Green.
18:22 of 1st period - Shot Blocked by Logan Stephenson.
18:27 of 1st period - Minor Penalty to Eric Hunter for Holding.
18:27 of 1st period - Minor Penalty to Milan Jurcina for Interference.
18:28 of 1st period - Chris Dingman wins face-off versus B.J. Crombeen in neutral zone.
19:45 of 1st period - Slapshot by Darren Helm.
19:45 of 1st period - Shot Misses the Net.
19:50 of 1st period - Icing by Josh Green.
19:51 of 1st period - Josh Green wins face-off versus Darren Helm in Staline zone.
2nd period
0:01 of 2nd period - B.J. Crombeen wins face-off versus Chris Dingman in neutral zone.
0:04 of 2nd period - Wrist shot by B.J. Crombeen.
0:04 of 2nd period - Stopped by Erik Ersberg with a rebound.
0:27 of 2nd period - Penalty to Eric Hunter is over, Eric Hunter is back on ice.
0:27 of 2nd period - Penalty to Milan Jurcina is over, Milan Jurcina is back on ice.
0:53 of 2nd period - Snap shot by Alexandre Daigle.
0:53 of 2nd period - Stopped by José Theodore with a rebound.
0:55 of 2nd period - Wrist shot by Yan Stastny.
0:55 of 2nd period - Goal by Yan Stastny - Icehogs : 1 - Staline : 2.
0:56 of 2nd period - B.J. Crombeen wins face-off versus Yan Stastny in neutral zone.
1:01 of 2nd period - Snap shot by B.J. Crombeen.
1:01 of 2nd period - Stopped by Erik Ersberg with a rebound.
1:11 of 2nd period - Slapshot by B.J. Crombeen.
1:11 of 2nd period - Shot Misses the Net.
1:21 of 2nd period - Maxime Fortunus is hit by Darren Helm.
2:16 of 2nd period - Slapshot by Stanislav Chistov.
2:16 of 2nd period - Shot Misses the Net.
2:18 of 2nd period - Slapshot by Ville Nieminen.
2:18 of 2nd period - Stopped by Erik Ersberg without a rebound.
2:19 of 2nd period - Gilbert Brule wins face-off versus Cam Janssen in Staline zone.
2:20 of 2nd period - Backhand shot by B.J. Crombeen.
2:20 of 2nd period - Shot Misses the Net.
2:33 of 2nd period - Minor Penalty to Vladimir Mihalik for Roughing.
2:34 of 2nd period - B.J. Crombeen wins face-off versus Yan Stastny in Icehogs zone.
3:36 of 2nd period - Minor Penalty to Nathan Smith for Hooking.
3:37 of 2nd period - B.J. Crombeen wins face-off versus Chris Dingman in Staline zone.
4:33 of 2nd period - Penalty to Vladimir Mihalik is over, Vladimir Mihalik is back on ice.
4:44 of 2nd period - Wrist shot by Andrew Murray.
4:44 of 2nd period - Shot Blocked by Greg Zanon.
5:36 of 2nd period - Penalty to Nathan Smith is over, Nathan Smith is back on ice.
5:50 of 2nd period - Wrist shot by Brett Sterling.
5:50 of 2nd period - Shot Misses the Net.
5:52 of 2nd period - Snap shot by Brett Sterling.
5:52 of 2nd period - Stopped by Erik Ersberg with a rebound.
6:12 of 2nd period - Snap shot by Josh Green.
6:12 of 2nd period - Shot Blocked by Logan Stephenson.
6:46 of 2nd period - Snap shot by Josh Green.
6:46 of 2nd period - Deflect By Eric Hunter.
6:46 of 2nd period - Shot Misses the Net.
6:46 of 2nd period - Puck is out of play.
6:47 of 2nd period - Josh Hennessy wins face-off versus Eric Hunter in Icehogs zone.
6:47 of 2nd period - Josh Hennessy is hit by Cam Janssen.
6:53 of 2nd period - Slapshot by T.J. Fast.
6:53 of 2nd period - Stopped by José Theodore with a rebound.
6:55 of 2nd period - Slapshot by Maxime Fortunus.
6:55 of 2nd period - Shot Misses the Net.
6:57 of 2nd period - Snap shot by Josh Green.
6:57 of 2nd period - Stopped by José Theodore with a rebound.
6:59 of 2nd period - Snap shot by Josh Green.
6:59 of 2nd period - Shot Misses the Net.
7:01 of 2nd period - Slapshot by T.J. Fast.
7:01 of 2nd period - Shot Misses the Net.
7:11 of 2nd period - T.J. Fast is hit by Gilbert Brule and loses puck.
7:37 of 2nd period - Snap shot by Chris Dingman.
7:37 of 2nd period - Stopped by José Theodore with a rebound.
7:55 of 2nd period - Icing by Vladimir Mihalik.
7:56 of 2nd period - Andrew Murray wins face-off versus Robby Dee in Icehogs zone.
8:03 of 2nd period - Slapshot by Stanislav Chistov.
8:03 of 2nd period - Stopped by Erik Ersberg with a rebound.
8:14 of 2nd period - Vladimir Mihalik is hit by Greg Zanon and loses puck.
8:39 of 2nd period - Snap shot by Stanislav Chistov.
8:39 of 2nd period - Deflect By Maxime Fortunus.
8:39 of 2nd period - Goal by Stanislav Chistov - Icehogs : 2 - Staline : 2.
8:40 of 2nd period - Yan Stastny wins face-off versus Gilbert Brule in neutral zone.
9:16 of 2nd period - Snap shot by Alexandre Daigle.
9:16 of 2nd period - Stopped by José Theodore with a rebound.
10:14 of 2nd period - Slapshot by Ville Nieminen.
10:14 of 2nd period - Stopped by Erik Ersberg with a rebound.
10:16 of 2nd period - Slapshot by Paul Ranger.
10:16 of 2nd period - Stopped by Erik Ersberg without a rebound.
10:17 of 2nd period - Yan Stastny wins face-off versus Gilbert Brule in Staline zone.
10:21 of 2nd period - Minor Penalty to Chris Dingman for High sticking.
10:22 of 2nd period - Gilbert Brule wins face-off versus Brandon Prust in Staline zone.
10:23 of 2nd period - Snap shot by B.J. Crombeen.
10:23 of 2nd period - Shot Misses the Net.
10:25 of 2nd period - Slapshot by Ryan Parent.
10:25 of 2nd period - Shot Blocked by Greg Zanon.
10:27 of 2nd period - Slapshot by Ryan Parent.
10:27 of 2nd period - Deflect By Gilbert Brule.
10:27 of 2nd period - Shot Misses the Net.
10:27 of 2nd period - Puck is out of play.
10:28 of 2nd period - Brandon Prust wins face-off versus Gilbert Brule in Staline zone.
12:11 of 2nd period - T.J. Fast is hit by Stanislav Chistov and loses puck.
12:21 of 2nd period - Penalty to Chris Dingman is over, Chris Dingman is back on ice.
12:52 of 2nd period - Off-side.
12:53 of 2nd period - Josh Hennessy wins face-off versus Yan Stastny in neutral zone.
13:15 of 2nd period - Minor Penalty to Gilbert Brule for Elbowing.
13:16 of 2nd period - B.J. Crombeen wins face-off versus Yan Stastny in Icehogs zone.
13:41 of 2nd period - Ville Nieminen is hit by Chris Dingman and loses puck.
14:21 of 2nd period - Slapshot by Chris Dingman.
14:21 of 2nd period - Shot Misses the Net.
14:23 of 2nd period - Slapshot by Matt Carle.
14:23 of 2nd period - Stopped by José Theodore with a rebound.
14:25 of 2nd period - Snap shot by Yan Stastny.
14:25 of 2nd period - Shot Blocked by Vladimir Mihalik.
14:27 of 2nd period - Backhand shot by Yan Stastny.
14:27 of 2nd period - Deflect By Chris Dingman.
14:27 of 2nd period - Stopped by José Theodore without a rebound.
14:28 of 2nd period - B.J. Crombeen wins face-off versus Nathan Smith in Icehogs zone.
14:28 of 2nd period - B.J. Crombeen is hit by Robert Dome.
14:43 of 2nd period - Icing by T.J. Fast.
14:44 of 2nd period - Nathan Smith wins face-off versus B.J. Crombeen in Staline zone.
15:15 of 2nd period - Penalty to Gilbert Brule is over, Gilbert Brule is back on ice.
15:30 of 2nd period - Snap shot by Josh Green.
15:30 of 2nd period - Shot Blocked by Vladimir Mihalik.
15:40 of 2nd period - Matt Generous is hit by Paul Ranger and loses puck.
15:47 of 2nd period - Slapshot by Travis Moen.
15:47 of 2nd period - Stopped by Erik Ersberg with a rebound.
15:49 of 2nd period - Slapshot by Logan Stephenson.
15:49 of 2nd period - Shot Misses the Net.
15:51 of 2nd period - Slapshot by Milan Jurcina.
15:51 of 2nd period - Stopped by Erik Ersberg with a rebound.
15:53 of 2nd period - Backhand shot by Milan Jurcina.
15:53 of 2nd period - Shot Blocked by Matt Generous.
16:20 of 2nd period - Josh Green is hit by Ville Nieminen and loses puck.
16:53 of 2nd period - Snap shot by Jason King.
16:53 of 2nd period - Shot Misses the Net.
16:55 of 2nd period - Slapshot by Milan Jurcina.
16:55 of 2nd period - Shot Misses the Net.
17:36 of 2nd period - Stanislav Chistov is hit by Greg Zanon and loses puck.
17:40 of 2nd period - Icing by Ville Nieminen.
17:41 of 2nd period - Yan Stastny wins face-off versus Andrew Murray in Icehogs zone.
18:08 of 2nd period - Snap shot by Josh Green.
18:08 of 2nd period - Stopped by José Theodore without a rebound.
18:09 of 2nd period - Ryan Shannon wins face-off versus Eric Hunter in Icehogs zone.
18:20 of 2nd period - Slapshot by Ryan Shannon.
18:20 of 2nd period - Stopped by Erik Ersberg without a rebound.
18:21 of 2nd period - Yan Stastny wins face-off versus Gilbert Brule in Staline zone.
18:53 of 2nd period - Slapshot by Maxime Fortunus.
18:53 of 2nd period - Shot Blocked by Paul Ranger.
18:55 of 2nd period - Slapshot by T.J. Fast.
18:55 of 2nd period - Deflect By Robert Dome.
18:55 of 2nd period - Shot Blocked by Ville Nieminen.
18:55 of 2nd period - Puck is out of play.
18:56 of 2nd period - Andrew Murray wins face-off versus Nathan Smith in Icehogs zone.
19:21 of 2nd period - Devin Setoguchi is hit by B.J. Crombeen and loses puck.
19:42 of 2nd period - Slapshot by Matt Carle.
19:42 of 2nd period - Deflect By Paul Ranger.
19:42 of 2nd period - Stopped by José Theodore with a rebound.
19:44 of 2nd period - Snap shot by Josh Green.
19:44 of 2nd period - Shot Blocked by Vladimir Mihalik.
3rd period
0:01 of 3rd period - B.J. Crombeen wins face-off versus Yan Stastny in neutral zone.
0:12 of 3rd period - Wrist shot by Nikolai Kulemin.
0:12 of 3rd period - Deflect By B.J. Crombeen.
0:12 of 3rd period - Shot Misses the Net.
0:12 of 3rd period - Puck is out of play.
0:13 of 3rd period - Gilbert Brule wins face-off versus Chris Dingman in Staline zone.
1:03 of 3rd period - Off-side.
1:04 of 3rd period - Yan Stastny wins face-off versus Gilbert Brule in neutral zone.
1:33 of 3rd period - Snap shot by Andrew Murray.
1:33 of 3rd period - Stopped by Erik Ersberg with a rebound.
1:35 of 3rd period - Snap shot by Stanislav Chistov.
1:35 of 3rd period - Deflect By Ville Nieminen.
1:35 of 3rd period - Shot Misses the Net.
1:35 of 3rd period - Puck is out of play.
1:36 of 3rd period - Nathan Smith wins face-off versus Gilbert Brule in Staline zone.
1:45 of 3rd period - Wrist shot by Gilbert Brule.
1:45 of 3rd period - Stopped by Erik Ersberg with a rebound.
1:47 of 3rd period - Slapshot by Vladimir Mihalik.
1:47 of 3rd period - Stopped by Erik Ersberg with a rebound.
2:08 of 3rd period - Minor Penalty to Devin Setoguchi for Interference.
2:09 of 3rd period - Chris Dingman wins face-off versus Gilbert Brule in Staline zone.
2:18 of 3rd period - Wrist shot by Paul Ranger.
2:18 of 3rd period - Stopped by Erik Ersberg with a rebound.
3:31 of 3rd period - Paul Ranger is hit by Josh Green and loses puck.
4:06 of 3rd period - Gilbert Brule is hit by T.J. Fast and loses puck.
4:08 of 3rd period - Penalty to Devin Setoguchi is over, Devin Setoguchi is back on ice.
4:21 of 3rd period - Snap shot by Yan Stastny.
4:21 of 3rd period - Deflect By Jason King.
4:21 of 3rd period - Stopped by José Theodore without a rebound.
4:21 of 3rd period - Minor Penalty to Travis Moen for Diving.
4:22 of 3rd period - B.J. Crombeen wins face-off versus Yan Stastny in Icehogs zone.
4:49 of 3rd period - B.J. Crombeen is hit by Nathan Smith and loses puck.
5:49 of 3rd period - Alexandre Daigle is hit by Brett Sterling and loses puck.
6:21 of 3rd period - Penalty to Travis Moen is over, Travis Moen is back on ice.
6:57 of 3rd period - Snap shot by Brandon Prust.
6:57 of 3rd period - Shot Misses the Net.
7:15 of 3rd period - Wrist shot by Gilbert Brule.
7:15 of 3rd period - Shot Misses the Net.
7:22 of 3rd period - Icing by Devin Setoguchi.
7:23 of 3rd period - Andrew Murray wins face-off versus Robby Dee in Staline zone.
7:24 of 3rd period - Wrist shot by Ville Nieminen.
7:24 of 3rd period - Shot Blocked by Mike Sauer.
8:07 of 3rd period - Wrist shot by Darren Helm.
8:07 of 3rd period - Stopped by Erik Ersberg without a rebound.
8:08 of 3rd period - Darren Helm wins face-off versus Alexandre Daigle in Staline zone.
8:55 of 3rd period - Minor Penalty to Eric Hunter for Roughing.
8:56 of 3rd period - Chris Dingman wins face-off versus Gilbert Brule in Staline zone.
9:05 of 3rd period - Slapshot by Paul Ranger.
9:05 of 3rd period - Deflect By B.J. Crombeen.
9:05 of 3rd period - Stopped by Erik Ersberg with a rebound.
9:07 of 3rd period - Slapshot by Ryan Parent.
9:07 of 3rd period - Stopped by Erik Ersberg with a rebound.
9:09 of 3rd period - Slapshot by Ryan Parent.
9:09 of 3rd period - Deflect By Gilbert Brule.
9:09 of 3rd period - Shot Misses the Net.
9:09 of 3rd period - Puck is out of play.
9:10 of 3rd period - Gilbert Brule wins face-off versus Chris Dingman in Staline zone.
9:35 of 3rd period - Yan Stastny is hit by Ryan Parent and loses puck.
10:27 of 3rd period - Stanislav Chistov is hit by Yan Stastny and loses puck.
10:36 of 3rd period - Maxime Fortunus is hit by Andrew Murray and loses puck.
10:55 of 3rd period - Penalty to Eric Hunter is over, Eric Hunter is back on ice.
10:58 of 3rd period - Snap shot by Nikolai Kulemin.
10:58 of 3rd period - Shot Misses the Net.
11:16 of 3rd period - Wrist shot by Nikolai Kulemin.
11:16 of 3rd period - Stopped by Erik Ersberg with a rebound.
11:18 of 3rd period - Slapshot by Ryan Parent.
11:18 of 3rd period - Stopped by Erik Ersberg with a rebound.
11:20 of 3rd period - Slapshot by Ryan Parent.
11:20 of 3rd period - Shot Blocked by Maxime Fortunus.
11:25 of 3rd period - Icing by T.J. Fast.
11:26 of 3rd period - Yan Stastny wins face-off versus Darren Helm in Staline zone.
11:45 of 3rd period - Wrist shot by Robert Dome.
11:45 of 3rd period - Stopped by José Theodore with a rebound.
11:47 of 3rd period - Snap shot by Eric Hunter.
11:47 of 3rd period - Stopped by José Theodore without a rebound.
11:48 of 3rd period - Robby Dee wins face-off versus Josh Hennessy in Icehogs zone.
12:01 of 3rd period - Slapshot by Milan Jurcina.
12:01 of 3rd period - Shot Blocked by Matt Carle.
12:03 of 3rd period - Snap shot by Milan Jurcina.
12:03 of 3rd period - Deflect By Josh Hennessy.
12:03 of 3rd period - Goal by Josh Hennessy - Icehogs : 3 - Staline : 2.
12:04 of 3rd period - Darren Helm wins face-off versus Eric Hunter in neutral zone.
12:14 of 3rd period - Snap shot by Ryan Shannon.
12:14 of 3rd period - Stopped by Erik Ersberg without a rebound.
12:15 of 3rd period - Brett Sterling wins face-off versus Eric Hunter in Staline zone.
12:28 of 3rd period - Slapshot by Matt Carle.
12:28 of 3rd period - Stopped by José Theodore without a rebound.
12:29 of 3rd period - Gilbert Brule wins face-off versus Yan Stastny in Icehogs zone.
12:36 of 3rd period - Snap shot by Chris Dingman.
12:36 of 3rd period - Shot Misses the Net.
12:38 of 3rd period - Wrist shot by Devin Setoguchi.
12:38 of 3rd period - Shot Misses the Net.
13:02 of 3rd period - Slapshot by Andrew Murray.
13:02 of 3rd period - Stopped by Erik Ersberg without a rebound.
13:03 of 3rd period - Gilbert Brule wins face-off versus Yan Stastny in Staline zone.
13:04 of 3rd period - Backhand shot by B.J. Crombeen.
13:04 of 3rd period - Stopped by Erik Ersberg without a rebound.
13:05 of 3rd period - Gilbert Brule wins face-off versus Yan Stastny in Staline zone.
13:57 of 3rd period - Robert Dome is hit by Stanislav Chistov and loses puck.
14:04 of 3rd period - Snap shot by Ville Nieminen.
14:04 of 3rd period - Goal by Ville Nieminen - Icehogs : 4 - Staline : 2.
14:05 of 3rd period - Devin Setoguchi wins face-off versus Andrew Murray in neutral zone.
14:55 of 3rd period - Wrist shot by Darren Helm.
14:55 of 3rd period - Stopped by Erik Ersberg with a rebound.
15:17 of 3rd period - Snap shot by Jason King.
15:17 of 3rd period - Stopped by Erik Ersberg with a rebound.
15:19 of 3rd period - Slapshot by Vladimir Mihalik.
15:19 of 3rd period - Shot Blocked by T.J. Fast.
15:21 of 3rd period - Wrist shot by Jason King.
15:21 of 3rd period - Goal by Jason King - Icehogs : 5 - Staline : 2.
15:22 of 3rd period - Yan Stastny wins face-off versus B.J. Crombeen in neutral zone.
15:47 of 3rd period - Matt Carle is hit by Vladimir Mihalik and loses puck.
15:56 of 3rd period - Snap shot by Ville Nieminen.
15:56 of 3rd period - Stopped by Erik Ersberg with a rebound.
15:57 of 3rd period - Minor Penalty to Ryan Parent for Holding.
15:58 of 3rd period - B.J. Crombeen wins face-off versus Yan Stastny in Icehogs zone.
16:08 of 3rd period - Off-side.
16:09 of 3rd period - B.J. Crombeen wins face-off versus Yan Stastny in neutral zone.
17:06 of 3rd period - Yan Stastny is hit by Milan Jurcina and loses puck.
17:57 of 3rd period - Penalty to Ryan Parent is over, Ryan Parent is back on ice.
18:14 of 3rd period - Wrist shot by Cam Janssen.
18:14 of 3rd period - Shot Blocked by Ville Nieminen.
18:28 of 3rd period - Wrist shot by Brett Sterling.
18:28 of 3rd period - Shot Blocked by Mike Sauer.
18:30 of 3rd period - Snap shot by Darren Helm.
18:30 of 3rd period - Shot Misses the Net.
18:32 of 3rd period - Snap shot by Brett Sterling.
18:32 of 3rd period - Stopped by Erik Ersberg without a rebound.
18:33 of 3rd period - Robby Dee wins face-off versus Darren Helm in Staline zone.
18:38 of 3rd period - Slapshot by Ryan Shannon.
18:38 of 3rd period - Shot Misses the Net.
18:40 of 3rd period - Snap shot by Ryan Shannon.
18:40 of 3rd period - Shot Misses the Net.
18:44 of 3rd period - Slapshot by Ryan Shannon.
18:44 of 3rd period - Shot Misses the Net.
18:46 of 3rd period - Snap shot by Milan Jurcina.
18:46 of 3rd period - Deflect By Darren Helm.
18:46 of 3rd period - Deflect By Matt Generous.
18:46 of 3rd period - Shot Misses the Net.
18:46 of 3rd period - Puck is out of play.
18:47 of 3rd period - Gilbert Brule wins face-off versus Yan Stastny in Staline zone.
18:48 of 3rd period - Slapshot by B.J. Crombeen.
18:48 of 3rd period - Stopped by Erik Ersberg with a rebound.
19:24 of 3rd period - Snap shot by Chris Dingman.
19:24 of 3rd period - Stopped by José Theodore with a rebound.
19:26 of 3rd period - Snap shot by Chris Dingman.
19:26 of 3rd period - Stopped by José Theodore with a rebound.
19:28 of 3rd period - Snap shot by Yan Stastny.
19:28 of 3rd period - Stopped by José Theodore with a rebound.
Output by the SimonT Hockey Simulator (STHS) for François Prévost -- Original Page W3C XHTML 1.0 Valid